 Dungeon Crawl Stone Soup version 0.27-a0-419-g7a85846853 (webtiles) character file.

Game seed: 14884611493666220202

175804 Morbidden the Brawler (level 17, -5/161 HPs)
             Began as a Troll Conjurer on Feb 25, 2021.
             Was a High Priest of Cheibriados.
             Shot with a bolt by a yaktaur (18 damage)
             ... on level 1 of the Vaults on Feb 26, 2021.
             The game lasted 01:12:41 (32093 turns).

Morbidden the Brawler (Troll Conjurer)             Turns: 32093, Time: 01:12:42

Health: -5/161     AC: 13    Str: 35 (37) XL:     17   Next: 22%
Magic:  14/25      EV: 15    Int: 29 (35) God:    Cheibriados [*****.]
Gold:   2120       SH:  5    Dex: 14 (20) Spells: 3/29 levels left

rFire    + + .     SeeInvis .     - Unarmed
rCold    + . .     Faith    .   (no shield)
rNeg     + . .     Spirit   .   S - +3 troll leather armour
rPois    .         Reflect  +   (helmet restricted)
rElec    +         Harm     .   z - scarf {rC+ rF+}
rCorr    .         Rampage  .   (gloves unavailable)
Will     +....                  (boots unavailable)
Stlth    ++........             d - amulet "Ilaim" {Reflect rElec rF+ Int+4 SH+5}
HPRegen  2.36/turn              E - ring of Finality {rN+ Str+6}
MPRegen  0.19/turn              q - +4 ring of protection

@: very slow
A: large, unfitting armour, claws 3, regeneration 1, shaggy fur 1, tough skin 1
}: 1/15 runes: gossamer
a: Renounce Religion, Bend Time, Temporal Distortion, Slouch, Step From Time


You were on level 1 of the Vaults.
You worshipped Cheibriados.
Cheibriados was extremely pleased with you.
You visited 5 branches of the dungeon, and saw 28 of its levels.

You collected 2540 gold pieces.
You spent 420 gold pieces at shops.

Inventory:

Hand Weapons
 a - a +1 hunting sling of flaming
 H - a +4 scimitar of flaming
Missiles
 i - 47 poisoned darts
 s - 148 sling bullets
 t - 39 boomerangs (quivered)
 w - 7 silver boomerangs
 C - 8 javelins
 K - 31 large rocks
 M - 6 curare-tipped darts
Armour
 z - a scarf of resistance (worn)
 S - a +3 troll leather armour (worn)
Jewellery
 c - the ring "Katuang" {EV+4 Str+3 Dex-4 SInv Stlth+}
   (You found it on level 9 of the Dungeon)

   [ring of evasion]

   It affects your evasion (+4).
   It affects your strength (+3).
   It affects your dexterity (-4).
   It lets you see invisible.
   It makes you more stealthy.
 d - the amulet "Ilaim" (around neck) {Reflect rElec rF+ Int+4 SH+5}
   (You found it on level 15 of the Dungeon)

   [amulet of reflection]

   It shields you and reflects attacks.
   It affects your intelligence (+4).
   It protects you from fire.
   It insulates you from electricity.
   It affects your SH (+5).
 q - a +4 ring of protection (right claw)
 E - the ring of Finality (left claw) {rN+ Str+6}
   (You acquired it on level 8 of the Dungeon)

   [ring of strength]

   It affects your strength (+6).
   It protects you from negative energy.
 P - the amulet "Vepto" {RegenMP Int+5}
   (You took it off a tengu warrior on level 9 of the Dungeon)

   [amulet of magic regeneration]

   It increases your magic regeneration.
   It affects your intelligence (+5).
 R - a ring of see invisible
Wands
 v - a wand of polymorph (30)
 y - a wand of mindburst (43)
 A - a wand of flame (39)
 L - a wand of iceblast (9)
 O - a wand of charming (3)
Scrolls
 f - a scroll of fear
 k - 7 scrolls of amnesia
 l - 3 scrolls of teleportation
 m - 8 scrolls of identify
 p - 4 scrolls of magic mapping
 u - 7 scrolls of immolation
 G - a scroll of torment
 I - 2 scrolls of vulnerability
 J - a scroll of fog
 Q - 4 scrolls of enchant weapon
Potions
 b - 7 potions of flight
 g - 6 potions of haste
 h - 2 potions of brilliance
 n - 3 potions of curing
 o - 2 potions of resistance
 r - a potion of invisibility
 x - 4 potions of ambrosia
 B - 2 potions of heal wounds
 D - a potion of cancellation
 F - a potion of might
 N - a potion of attraction


   Skills:
 * Level 8.7 Fighting
 + Level 5.7 Throwing
 + Level 3.2 Armour
 * Level 10.0 Dodging
 + Level 3.4 Stealth
 + Level 2.2 Shields
 * Level 15.6 Unarmed Combat
 * Level 6.6 Spellcasting
 * Level 8.3 Conjurations
 + Level 2.6 Translocations
 * Level 7.6 Transmutations
 + Level 1.3 Ice Magic
 + Level 2.9 Poison Magic
 * Level 9.8 Invocations
 + Level 1.4 Evocations


You had 3 spell levels left.
You knew the following spells:

 Your Spells              Type           Power        Failure   Level
a - Iskenderun's Mystic   Conj/Tloc      41%          6%          4
b - Searing Ray           Conj           100%         1%          2
c - Spider Form           Tmut/Pois      20%          1%          3
d - Magic Dart            Conj           100%         1%          1
e - Ice Form              Ice/Tmut       35%          9%          4
f - Hydra Form            Tmut           26%          36%         6
x - Blade Hands           Tmut           26%          7%          5
z - Beastly Appendage     Tmut           100%         1%          1

Your spell library contained the following spells:

 Spells                   Type           Power        Failure   Level
 Foxfire                  Conj/Fire      100%         1%          1
 Wereblood                Tmut           52%          1%          2
 Blink                    Tloc           N/A          2%          2
 Conjure Flame            Conj/Fire      33%          3%          3
 Dazzling Flash           Conj/Hex       66%          3%          3
 Mephitic Cloud           Conj/Pois/Air  31%          3%          3
 Stone Arrow              Conj/Erth      66%          3%          3
 Animate Skeleton         Necr           18%          6%          1
 Corona                   Hex            10%          6%          1
 Pain                     Necr           36%          6%          1
 Summon Small Mammal      Summ           36%          6%          1
 Call Imp                 Summ           9%           9%          2
 Corpse Rot               Necr/Air       N/A          9%          2
 Slow                     Hex            9%           9%          2
 Sublimation of Blood     Necr           4%           9%          2
 Portal Projectile        Hex/Tloc       34%          10%         3
 Call Canine Familiar     Summ           9%           17%         3
 Inner Flame              Hex/Fire       9%           17%         3
 Summon Guardian Golem    Hex/Summ       9%           17%         3
 Vampiric Draining        Necr           4%           17%         3
 Iskenderun's Battlesphe  Conj           55%          5%          5
 Fulminant Prism          Conj/Hex       16%          11%         4
 Sticky Flame             Conj/Fire      33%          11%         4
 Fireball                 Conj/Fire      16%          28%         5
 Yara's Violent Unravell  Hex/Tmut       15%          32%         5
 Summon Ice Beast         Ice/Summ       13%          41%         4
 Bolt of Magma            Conj/Fire/Erth 12%          45%         5
 Animate Dead             Necr           4%           50%         4
 Cause Fear               Hex            4%           50%         4
 Dispel Undead            Necr           9%           50%         4
 Leda's Liquefaction      Hex/Erth       4%           50%         4
 Summon Lightning Spire   Summ/Air       9%           50%         4
 Summon Forest            Summ/Tloc      8%           65%         5
 Eringya's Noxious Bog    Tmut/Pois      20%          69%         6
 Agony                    Necr           9%           85%         5
 Excruciating Wounds      Necr           4%           85%         5
 Silence                  Hex/Air        4%           85%         5
 Summon Mana Viper        Hex/Summ       9%           85%         5
 Conjure Ball Lightning   Conj/Air       16%          85%         6
 Iron Shot                Conj/Erth      16%          85%         6
 Orb of Destruction       Conj           27%          85%         7
 Shadow Creatures         Summ           N/A          100%        6
 Spellforged Servitor     Conj/Summ      16%          100%        7
 Summon Hydra             Summ           4%           100%        7
 Discord                  Hex            4%           100%        8
 Tornado                  Air            4%           100%        9


Dungeon Overview and Level Annotations

Branches:
Dungeon (15/15)            Temple (0/1) D:5            Lair (6/6) D:8
 Shoals (0/4) Lair:2       Spider (4/4) Lair:4        Slime (0/5) Lair:5
    Orc (2/2) D:11            Elf (0/3) Orc:2        Vaults (1/5) D:14
 Depths (0/5) D:15

Altars:
Ashenzari
Cheibriados
Elyvilon
Fedhas
Gozag
Ru
Sif Muna
Vehumet
Wu Jian
Jiyva

Shops:
D:8 (   D:13 (   Orc:1 ?   Orc:2 [?:*

Portals:
Abyss: Spider:1
Pandemonium: Orc:2

Annotations:
D:9 Erolcha
D:10 1 exclusion
D:15 Gekinioc's ghost, journeyman NaBe
Spider:1 2 transporters, CakeIsGreat's ghost, adept GrFi
Spider:3 Bai Suzhen


Innate Abilities, Weirdness & Mutations

You are too large for most types of armour.
You have claws for hands.
Your natural rate of healing is unusually fast.
You are covered in fur. (AC +1)
You have tough skin. (AC +1)


Message History

The yaktaur hits you but does no damage.
The yaktaur wields a +0 arbalest.
The yaktaur shoots a bolt.
The bolt barely misses you.
The bolt hits the yaktaur!!
The yaktaur shoots a bolt.
The bolt hits you! The yaktaur barely misses you. The yaktaur hits you!
You barely miss the yaktaur.
The yaktaur is severely wounded.
The yaktaur closely misses you.
The yaktaur shoots a bolt.
The bolt hits you.
The yaktaur shoots a bolt.
The bolt barely misses you.
The yaktaur shoots a bolt.
The bolt hits you!
Casting: Iskenderun's Mystic Blast (mildly dangerous; 6% risk of failure)
Confirm with . or Enter, or press ? or * to list all spells.
You erupt in a blast of force!
The mystic blast hits the yaktaur!
The yaktaur is moderately wounded.
The yaktaur is knocked back by the mystic blast.
The yaktaur slams into the stone wall!
The mystic blast hits the yaktaur!
The yaktaur is heavily wounded.
The yaktaur is knocked back by the mystic blast.
The mystic blast hits the yaktaur!
The yaktaur is almost dead.
The yaktaur is knocked back by the mystic blast.
The yaktaur wields a +0 arbalest.
The yaktaur shoots a bolt.
The bolt hits you!
The yaktaur shoots a bolt.
The bolt hits you!!
The yaktaur wields a +0 arbalest.
The yaktaur shoots a bolt.
The bolt hits you!!
* * * LOW HITPOINT WARNING * * *
The yaktaur shoots a bolt.
The bolt hits you!
* * * LOW HITPOINT WARNING * * *
Unknown command.
Unknown command.
Unknown command.
Unknown command.
Unknown command.
Unknown command.
Unknown command.
You fail to use your ability.
The yaktaur shoots a bolt.
The bolt hits you!
* * * LOW HITPOINT WARNING * * *
The yaktaur shoots a bolt.
The bolt completely misses you.
The bolt hits the yaktaur!
The yaktaur shoots a bolt.
The bolt hits you!!
You die...

,,,,,,,,,,,,*#...#*,,,,,,,,,,,,,,
,,,,,,,,*****#...#*,,,,,,********
,,,,,,,,*#####...#*,,,,,,*,,,,,,+
,,,,,,,,*#.......#*,,,,,,*,,,,,,*
,,,,,,,,*#.......#**,,,,,*,,,,,,*
,,,,,,***#..∩....##*****,*,,,,,,*
,,,,,,***#...####'######,*,,,,,,*
,,,,,,#......#.........#,*,,,,,,*
,,,,,.#......#c.@.c....#.******+*
,,,,,.#......#..>......#.,,,,,*,,
,,,,,,#######+cc.#######,,,,***,,
,,,,,,*******#..c#******,,,,+,,**
,,,,,,,,,,,**#...#*,,,,,,,,,+,,**
,,,,,,,,,,,,*#...#*,,,,,,,,,***,,
,,,,,,,,,,,>*#...#*,,,,,,,,,,,*,,
,,,,,,,,,,,,*#...#*,,,,,,,,,,,***
,,,,,,,,,,,,****+**,,,,,,,,,,,,,*


You could see 5 yaktaurs.

Vanquished Creatures
  Arachne (Spider:4)
  Frances (Spider:1)
  4 ghost moths (Spider:4)
  2 emperor scorpions (Spider:4)
  An orc warlord (Orc:1)
  The ghost of Geidumai the Fighter, a journeyman OgHu of Trog (Lair:2)
  An entropy weaver (Spider:3)
  2 spark wasps (Spider:4)
  An ettin (Orc:2)
  The ghost of Aapotti the Destroyer, a journeyman DECj of Kikubaaqudgha (Lair:5)
  4 hydras
  8 vault guards (D:14)
  4 boulder beetles
  A centaur warrior (D:14)
  A merfolk avatar (Lair:6)
  2 catoblepae
  Erica (Lair:2)
  4 two-headed ogres
  A tengu warrior (D:9)
  7 death yaks
  7 orc high priests (Orc:2)
  A soul eater (Orc:2)
  A skeletal warrior (D:9)
  An unseen horror (D:13)
  3 gelid demonspawn (Orc:2)
  4 sea snakes (Lair:6)
  4 orc knights (Orc:2)
  3 deep elf pyromancers
  4 harpies
  9 ugly things
  20 orb spiders
  A salamander (D:15)
  22 wolf spiders
  5 elephants (Lair:6)
  7 orc sorcerers
  5 moths of wrath
  8 cyclopes
  5 manticores
  A smoke demon (Orc:2)
  A centaur zombie (D:12)
  A rust devil (Orc:2)
  A black mamba (shapeshifter) (D:14)
  11 black mambas
  3 orange demons (D:10)
  3 centaur skeletons
  2 torpor snails (Spider:1)
  14 cane toads
  10 rime drakes
  An efreet (D:12)
  11 demonic crawlers
  An ice devil (Orc:2)
  9 komodo dragons
  A red devil (D:10)
  Prince Ribbit (D:6)
  29 jumping spiders
  6 trolls
  18 hornets
  4 polar bears
  3 meliai
  2 wind drakes
  Grinder (D:4)
  A queen bee (Lair:2)
  12 blink frogs
  A dream sheep (shapeshifter) (D:15)
  12 dream sheep
  A meliai zombie (D:13)
  79 redbacks
  2 shadows (D:11)
  A redback (shapeshifter) (Vaults:1)
  4 wyverns
  A vampire (D:15)
  18 tarantellas
  51 yaks
  A wraith (D:12)
  A basilisk (Lair:6)
  A chaos spawn (Orc:2)
  A steam dragon (Lair:3)
  3 soldier ants
  7 wargs
  22 water moccasins
  3 acid dragons (D:15)
  5 ice beasts
  29 orc warriors
  3 sky beasts
  3 black bears
  A hornet zombie (D:12)
  10 ogres
  18 wolves
  4 boggarts (D:15)
  A necrophage (D:15)
  7 centaurs
  2 phantoms (D:8)
  17 bullfrogs
  3 kobold brigands
  A gnoll sergeant (D:10)
  8 scorpions
  24 killer bees
  7 wights
  7 electric eels
  4 hounds
  3 jellies
  24 orc priests
  3 iguanas
  3 bullfrog skeletons
  25 orc wizards
  15 worker ants
  A hound zombie (D:6)
  A howler monkey zombie (D:8)
  2 worker ant zombies (D:8)
  12 gnolls
  10 adders
  3 shadow imps
  3 white imps
  3 ufetubi
  2 adder skeletons
  An adder zombie (D:5)
  3 worms
  5 leopard geckos
  81 orcs
  5 bats
  7 giant cockroaches
  8 goblins
  6 hobgoblins
  11 jackals
  4 quokkas
  5 frilled lizards
  19 kobolds
  11 rats
944 creatures vanquished.

Vanquished Creatures (others)
  An orc wizard (D:5)
  An orc (Orc:2)
  11 fungi
  94 plants
107 creatures vanquished.

Grand Total: 1051 creatures vanquished

Notes
Turn   | Place    | Note
-------+----------+-------------------------------------------
     0 | D:1      | Morbidden the Troll Conjurer began the quest for the Orb.
     0 | D:1      | Reached XP level 1. HP: 16/16 MP: 1/1
   188 | D:1      | Reached XP level 2. HP: 26/26 MP: 2/2
  1064 | D:2      | Reached XP level 3. HP: 27/32 MP: 4/4
  1182 | D:2      | Reached skill level 1 in Fighting
  1445 | D:2      | Reached XP level 4. HP: 41/41 MP: 5/5
  1455 | D:2      | Reached skill level 1 in Unarmed Combat
  1530 | D:2      | Learned a level 2 spell: Searing Ray
  2170 | D:3      | Found an ornate altar of the Wu Jian Council.
  2276 | D:3      | Reached XP level 5. HP: 48/48 MP: 6/6
  2599 | D:4      | Found a snail-covered altar of Cheibriados.
  2641 | D:4      | Became a worshipper of Cheibriados the Contemplative
  2707 | D:4      | Noticed an ogre
  2717 | D:4      | Killed an ogre
  2718 | D:4      | Reached skill level 2 in Unarmed Combat
  2973 | D:4      | Reached XP level 6. HP: 56/57 MP: 7/7
  3094 | D:4      | Reached skill level 1 in Throwing
  3265 | D:4      | Reached * piety under Cheibriados
  3328 | D:4      | Noticed Grinder
  3459 | D:4      | Killed Grinder
  3460 | D:4      | Reached skill level 3 in Unarmed Combat
  3460 | D:4      | Reached XP level 7. HP: 56/65 MP: 7/9
  3569 | D:5      | Entered Level 5 of the Dungeon
  3643 | D:5      | Found a staircase to the Ecumenical Temple.
  3666 | D:5      | Learned a level 1 spell: Beastly Appendage
  3930 | D:5      | Reached skill level 4 in Unarmed Combat
  4041 | D:5      | Reached ** piety under Cheibriados
  4295 | D:5      | Reached skill level 1 in Transmutations
  4295 | D:5      | Reached skill level 1 in Invocations
  4295 | D:5      | Reached XP level 8. HP: 66/74 MP: 4/10
  4943 | D:6      | Found a runed translucent door.
  4945 | D:6      | Found a runed translucent door.
  5306 | D:6      | Reached *** piety under Cheibriados
  5355 | D:6      | Noticed Prince Ribbit
  5385 | D:6      | HP: 2/75 [Prince Ribbit (10)]
  5388 | D:6      | Killed Prince Ribbit
  5680 | D:6      | Reached skill level 5 in Unarmed Combat
  5861 | D:6      | Reached XP level 9. HP: 76/81 MP: 12/12
  5865 | D:6      | Learned a level 3 spell: Spider Form
  6235 | D:7      | Found a broken altar of Ashenzari.
  6624 | D:7      | Reached **** piety under Cheibriados
  7405 | D:8      | Found a staircase to the Lair.
  7447 | D:8      | Reached skill level 1 in Poison Magic
  7459 | D:8      | Noticed a two-headed ogre
  7470 | D:8      | Killed a two-headed ogre
  7471 | D:8      | Reached skill level 5 in Conjurations
  7651 | D:8      | Identified a scroll of acquirement
  7651 | D:8      | Acquired the ring of Finality {rN+ Str+6}
  7682 | D:8      | Found Jeph's Weapon Boutique.
  7715 | D:8      | Found a radiant altar of Vehumet.
  7717 | D:8      | Found a sacrificial altar of Ru.
  7736 | D:8      | Found a shimmering blue altar of Sif Muna.
  7739 | D:8      | Found a white marble altar of Elyvilon.
  7912 | D:8      | Found an opulent altar of Gozag.
  7982 | D:8      | Reached XP level 10. HP: 77/91 MP: 8/13
  7985 | D:8      | Reached ***** piety under Cheibriados
  8314 | D:9      | Reached skill level 6 in Unarmed Combat
  8454 | D:9      | Found a blossoming altar of Fedhas.
  8476 | D:9      | Found a runed translucent door.
  8476 | D:9      | Found a runed translucent door.
  8476 | D:9      | Noticed a cyclops
  8495 | D:9      | Killed a cyclops
  8496 | D:9      | Reached skill level 5 in Dodging
  8692 | D:9      | Noticed Erolcha
  8716 | Lair:1   | Entered Level 1 of the Lair of Beasts
  8933 | Lair:1   | Noticed a black mamba
  8942 | Lair:1   | Noticed a cane toad
  8950 | Lair:1   | Noticed a cane toad
  8957 | Lair:1   | Killed a cane toad
  9247 | Lair:1   | Noticed a cane toad
  9259 | Lair:1   | Killed a cane toad
  9570 | Lair:1   | Noticed a cane toad
  9579 | Lair:1   | Killed a cane toad
  9580 | Lair:1   | Reached skill level 7 in Unarmed Combat
  9645 | Lair:1   | Noticed a cane toad
  9657 | Lair:1   | Killed a cane toad
  9658 | Lair:1   | Reached XP level 11. HP: 62/101 MP: 15/15
 10875 | D:10     | Entered Level 10 of the Dungeon
 10937 | D:10     | Reached skill level 5 in Fighting
 10964 | D:10     | Reached skill level 5 in Invocations
 10968 | D:10     | Reached skill level 8 in Unarmed Combat
 11554 | D:10     | Reached skill level 1 in Evocations
 11665 | D:10     | Found the +10 zealot's sword {holy, *Rage rN+ EV+3}
 11681 | D:10     | Noticed a purple ugly thing
 12106 | D:11     | Reached ****** piety under Cheibriados
 12259 | D:11     | Found a staircase to the Orcish Mines.
 12405 | D:11     | Reached skill level 9 in Unarmed Combat
 12892 | D:12     | Noticed a two-headed ogre
 12902 | D:12     | Killed a two-headed ogre
 12959 | D:12     | Noticed a green ugly thing
 12993 | D:12     | Upgraded the game from 0.27-a0-416-gca2cecf3c0 to
                  | 0.27-a0-419-g7a85846853
 13025 | D:12     | Noticed a brown ugly thing
 13065 | D:12     | Reached XP level 12. HP: 39/111 MP: 17/17
 13881 | D:13     | Found Felad's Antique Weapon Shoppe.
 14668 | D:14     | Learned a level 5 spell: Blade Hands
 14711 | D:14     | Found a gate to the Vaults.
 14711 | D:14     | Noticed a vault guard
 14711 | D:14     | Noticed a vault guard
 14711 | D:14     | Noticed a vault guard
 14711 | D:14     | Noticed a vault guard
 14711 | D:14     | Noticed a vault guard
 14711 | D:14     | Noticed a vault guard
 14711 | D:14     | Noticed a vault guard
 14712 | D:14     | Noticed a vault guard
 14719 | D:14     | Killed a vault guard
 14727 | D:14     | Killed a vault guard
 14728 | D:14     | Reached skill level 10 in Unarmed Combat
 14789 | D:14     | Killed a vault guard
 14790 | D:14     | Reached skill level 5 in Transmutations
 14795 | D:14     | Killed a vault guard
 15007 | D:14     | Killed a vault guard
 15133 | D:14     | Noticed a two-headed ogre
 15140 | D:14     | Killed a two-headed ogre
 15179 | D:14     | Killed a vault guard
 15247 | D:14     | Noticed a centaur warrior
 15256 | D:14     | Killed a centaur warrior
 15393 | D:14     | Killed a vault guard
 15394 | D:14     | Reached XP level 13. HP: 115/122 MP: 18/18
 15534 | D:14     | Identified the ring of Miracles {rN+ Will+}
 15716 | D:15     | Entered Level 15 of the Dungeon
 15939 | D:15     | Reached skill level 11 in Unarmed Combat
 15962 | D:15     | Reached skill level 1 in Armour
 16157 | D:15     | Found a staircase to the Depths.
 16408 | D:15     | Found a transporter.
 16506 | D:15     | Noticed Gekinioc's ghost (journeyman NaBe)
 16522 | D:15     | Found a transporter.
 16772 | D:15     | Identified the amulet "Ilaim" {Reflect rElec rF+ Int+4
                  | SH+5}
 17150 | D:9      | Identified the amulet "Vepto" {RegenMP Int+5}
 17162 | D:9      | Identified the ring "Ykito" {Fire *Corrode Will+ Int+7}
 17205 | D:9      | Identified the ring "Aletowk" {Ice Will+ Str+4 Dex-3}
 17215 | D:9      | Identified the ring "Katuang" {EV+4 Str+3 Dex-4 SInv
                  | Stlth+}
 17529 | Lair:2   | Found a staircase to the Shoals.
 17564 | Lair:2   | Found a transporter.
 17566 | Lair:2   | Found a transporter.
 17673 | Lair:2   | Noticed Erica
 17680 | Lair:2   | Killed Erica
 17681 | Lair:2   | Reached skill level 5 in Spellcasting
 18017 | Lair:2   | Noticed Geidumai's ghost (journeyman OgHu)
 18189 | Lair:2   | Killed Geidumai's ghost
 18226 | Lair:2   | Identified the +0 pair of boots of Absolutism {Regen+ Int+3
                  | Dex+6}
 18518 | Lair:3   | Reached XP level 14. HP: 131/131 MP: 18/20
 18644 | Lair:3   | Identified the +0 robe of a Labyrinth {Str+5}
 18663 | Lair:3   | Reached skill level 12 in Unarmed Combat
 19449 | Lair:4   | Reached skill level 1 in Shields
 19477 | Lair:4   | Found a hole to the Spider Nest.
 19870 | Lair:4   | Learned a level 4 spell: Iskenderun's Mystic Blast
 19994 | Lair:4   | Found a shimmering blue altar of Sif Muna.
 20712 | Lair:5   | Found a viscous altar of Jiyva.
 20712 | Lair:5   | Found a staircase to the Slime Pits.
 20748 | Lair:5   | Found a runed translucent door.
 20749 | Lair:5   | Noticed Aapotti's ghost (journeyman DECj)
 20837 | Lair:5   | Identified the Volume of the Entourage
 20995 | Lair:5   | Learned a level 4 spell: Ice Form
 21008 | Lair:5   | Reached skill level 1 in Translocations
 21101 | Lair:5   | You fall into a shaft and drop 1 floor!
 21101 | Lair:6   | Entered Level 6 of the Lair of Beasts
 21112 | Lair:6   | Reached skill level 13 in Unarmed Combat
 21177 | Lair:6   | Reached XP level 15. HP: 93/140 MP: 16/22
 21680 | Lair:5   | Killed Aapotti's ghost
 22777 | Orc:1    | Entered Level 1 of the Orcish Mines
 22777 | Orc:1    | Found Kausosoc's Magic Scroll Shop.
 22777 | Orc:1    | Noticed an orc warlord
 22787 | Orc:1    | Killed an orc warlord
 22882 | Orc:1    | Bought a scroll of enchant armour for 90 gold pieces
 22948 | Orc:2    | Entered Level 2 of the Orcish Mines
 23463 | Orc:2    | Found a staircase to the Elven Halls.
 23890 | Orc:2    | Reached skill level 14 in Unarmed Combat
 24001 | Orc:2    | Found Fouzeuji's General Store.
 24003 | Orc:2    | Found Mefaityo's Magic Scroll Shoppe.
 24040 | Orc:2    | Bought a scroll of blinking for 97 gold pieces
 24040 | Orc:2    | Bought a scroll of blinking for 97 gold pieces
 24040 | Orc:2    | Bought a scroll of enchant weapon for 97 gold pieces
 24040 | Orc:2    | Bought a scroll of teleportation for 39 gold pieces
 24330 | Orc:2    | Paralysed by an orc sorcerer for 7 turns
 24346 | Orc:2    | Reached skill level 5 in Throwing
 24930 | Orc:2    | Found Beseush's Antique Armour Shop.
 24930 | Orc:2    | Found Ezeoss's Book Boutique.
 24930 | Orc:2    | Found a one-way gate leading to the halls of Pandemonium.
 25296 | Spider:1 | Entered Level 1 of the Spider Nest
 25369 | Spider:1 | Reached XP level 16. HP: 29/152 MP: 14/23
 26103 | Spider:1 | Found a transporter.
 26105 | Spider:1 | Identified the +4 hand axe "Gutaoff" {drain, Fragile Str+2
                  | Dex+3}
 26112 | Spider:1 | Found a transporter.
 26128 | Spider:1 | Noticed CakeIsGreat's ghost (adept GrFi)
 26129 | Spider:1 | Found a one-way gate to the infinite horrors of the Abyss.
 26387 | Spider:1 | Noticed Frances
 26408 | Spider:1 | Killed Frances
 27080 | Spider:2 | Identified the +1 robe of the Postmodern Lives {rF- rN+
                  | SInv}
 27133 | Spider:2 | Reached skill level 1 in Ice Magic
 27780 | Spider:2 | Reached skill level 15 in Unarmed Combat
 28158 | Spider:3 | Learned a level 6 spell: Hydra Form
 29314 | Spider:4 | Entered Level 4 of the Spider Nest
 29314 | Spider:4 | Noticed Arachne
 29335 | Spider:4 | Killed Arachne
 29414 | Spider:4 | Noticed Bai Suzhen
 29421 | Spider:3 | HP: 6/183 [poisoned by a redback]
 29706 | Spider:3 | HP: 5/153 [eight-headed hydra[Bai Suzhen] (3)]
 30686 | Spider:4 | Reached XP level 17. HP: 161/161 MP: 11/25
 30921 | Spider:4 | Reached skill level 10 in Dodging
 31724 | Spider:4 | Got a gossamer rune of Zot
 32069 | Vaults:1 | Entered Level 1 of the Vaults
 32093 | Vaults:1 | Shot with a bolt by a yaktaur

Illustrated notes

Levels and vault maps discovered:
D:1:      wheals_arrival_linesprint, layout_basic
D:2:      layout_rooms, grunt_ministairs_5, minmay_ruptured
D:3:      layout_basic, general_overflow_altar, grunt_ministairs_10
D:4:      kennysheep_big_flooded_room, layout_basic, lemuel_doored_altar,
          minivault_26, uniq_grinder
D:5:      layout_cave_pods, minmay_temple_entry_offerings
D:6:      lemuel_insect_pit, layout_loops_corners, uniq_prince_ribbit1
D:7:      layout_loops_cross, ashenzari_altar_1, minmay_misc_feat_plants
D:8:      layout_basic, minitemple,
          nicolae_gozag_cash_rules_everything_around_me, lair_entry_dummy,
          serial_shops, shop
D:9:      minmay_the_grid_triangle_9x9_rhombus_thin
          [minmay_the_grid_triangle_9x9_shrine,
          minmay_the_grid_triangle_9x9_prize_special,
          minmay_the_grid_triangle_9x9_tough_junction,
          minmay_the_grid_triangle_9x9_warning], layout_basic,
          grunt_temple_overflow_bloody_war, minmay_circle_x, uniq_erolcha
D:10:     cheibrodos_two_vegetables, layout_loops_ring,
          minmay_beelzebubs_servants
D:11:     layout_cross
D:12:     layout_cave_pools
D:13:     layout_roguey, serial_shops, shop
D:14:     layout_irregular_city, erik_vaults_2, minmay_crystal_water
D:15:     hangedman_depths_entry_try_elsewhere_first, layout_loops_ring,
          gammafunk_ghost_berserking_beasts, wad_floor_pattern_1
Lair:1:   layout_chaotic_city, nzn_random_ring
Lair:2:   layout_loops_ring, minmay_shoals_entry_beasts, serial_rivers,
          chequers_serial_rivers_room_a, chequers_serial_rivers_micro_a,
          chequers_serial_rivers_large_b, chequers_serial_rivers_room_a,
          chequers_serial_rivers_room_a, chequers_serial_rivers_micro_a,
          gammafunk_ghost_hive, uniq_erica
Lair:3:   layout_cave_shapes, grunt_megastairs_5
Lair:4:   layout_cave_pods, spider_nest_entry_rubble, basic_altar, serial_bayou,
          serial_bayou_lake_a, serial_bayou_pond_c, serial_bayou_crossing,
          serial_bayou_lagoon_a, serial_bayou_shore_b,
          grunt_forest_small_clearings, minmay_shattered_shrine
Lair:5:   layout_regular_city, slime_altar_1, gammafunk_ghost_grave,
          st_stairs_13, minivault_26, nicolae_lair_yak_garden
Lair:6:   gammafunk_lair_ancient_temple, layout_big_grid
Spider:1: layout_spider_delve, gammafunk_ghost_abyssal_escape,
          nicolae_spider_circle_web, drop_trap, uniq_frances
Spider:2: layout_spider_delve, hive_lemuel
Spider:3: layout_chambers, drop_trap
Spider:4: spider_rune_water, uniq_arachne, uniq_bai_suzhen
Orc:1:    layout_diamond_mine, serial_shops, nicolae_shop_waterfront
Orc:2:    pf_orc_diabolical, layout_diamond_mine
Vaults:1: hangedman_vaults_snaps, dpeg_vaults_monster_row,
          vaults_mumra_minichess_inversion, hangedman_vaults_variations,
          hangedman_vaults_impose, nicolae_vaults_an_arrangement,
          grunt_vaults_focal, nicolae_vaults_little_squares_6,
          layout_vaults_chaotic_city, portal_desolation_entry_garden

Skill      XL: |  1  2  3  4  5  6  7  8  9 10 11 12 13 14 15 16 17 |
---------------+----------------------------------------------------+-----
Conjurations   | 3 4 5 6 7 8 |  8.3
Fighting       | 1 2 3 4 5 6 7 8 |  8.7
Unarmed Combat | 1 2 3 4 5 7 9 10 11 13 14 15 | 15.6
Dodging        | 2 3 4 5 6 7 8 9 10 | 10.0
Throwing       | 1 2 3 4 5 |  5.7
Spellcasting   | 2 3 4 5 6 |  6.6
Transmutations | 1 2 3 4 5 6 7 |  7.6
Invocations    | 1 2 3 4 5 6 7 8 9 |  9.8
Poison Magic   | 1 2 |  2.9
Stealth        | 2 3 |  3.4
Evocations     | 1 |  1.4
Armour         | 2 3 |  3.2
Shields        | 1 2 |  2.2
Translocations | 1 2 |  2.6
Ice Magic      | 1 |  1.3

Action                   |  1- 3 |  4- 6 |  7- 9 | 10-12 | 13-15 | 16-18 || total
-------------------------+-------+-------+-------+-------+-------+-------++-------
Melee: Unarmed           |   102 |   121 |   263 |   482 |   956 |   430 ||  2354
       Punch             |       |       |    10 |    23 |    48 |    15 ||    96
       Kick              |       |       |    12 |    66 |    67 |       ||   145
       Headbutt          |       |       |     3 |    34 |    35 |       ||    72
 Fire: Hunting sling     |       |       |       |     6 |    40 |       ||    46
Throw: Dart              |       |    39 |    47 |     8 |    11 |    93 ||   198
       Boomerang         |       |     7 |       |    87 |    38 |    45 ||   177
       Javelin           |       |       |       |       |    21 |       ||    21
       Large rock        |       |       |       |       |       |     5 ||     5
 Cast: Magic Dart        |     1 |    27 |    50 |    13 |     1 |       ||    92
       Searing Ray       |       |       |    12 |     6 |     7 |     3 ||    28
       Beastly Appendage |       |       |     4 |    25 |    17 |       ||    46
       Spider Form       |       |       |     1 |     9 |    17 |     3 ||    30
       Blade Hands       |       |       |       |       |    17 |     1 ||    18
       Ice Form          |       |       |       |       |    14 |    26 ||    40
       Iskenderun's Myst |       |       |       |       |     8 |    22 ||    30
Invok: Slouch            |       |       |       |     1 |    10 |    11 ||    22
 Abil: End Transformatio |       |       |       |       |       |     1 ||     1
Evoke: Wand              |       |       |     8 |     9 |    16 |     8 ||    41
  Use: Scroll            |       |       |     8 |    19 |    16 |     9 ||    52
       Potion            |       |       |     4 |     6 |       |     4 ||    14
 Stab: Sleeping          |       |       |     3 |     7 |     8 |     3 ||    21
       Invisible         |       |       |       |     1 |       |       ||     1
       Distracted        |       |       |       |       |     3 |       ||     3
       Petrified         |       |       |       |       |     2 |       ||     2
Armor: Robe              |    40 |    41 |    58 |   107 |       |       ||   246
       Skin              |       |       |     4 |     5 |    47 |   115 ||   171
       Troll leather arm |       |       |       |     3 |   141 |    89 ||   233
Dodge: Dodged            |    54 |    74 |   167 |   453 |   801 |   503 ||  2052
Block: Other             |       |       |       |       |   192 |   133 ||   325
       Reflection        |       |       |       |       |     3 |     2 ||     5

Table legend: (Time is in decaauts)
 A = Elapsed time spent in this place.
 B = Non-inter-level travel time spent in this place.
 C = Inter-level travel time spent in this place.
 D = Time resting spent in this place.
 E = Time spent auto-exploring this place.
 F = Levels seen in this place.
 G = Mean time per level.
                   A        B        C        D        E       F      G
               +--------+--------+--------+--------+--------+-----+--------+
         Total |  46703 |  43297 |   3406 |   5075 |  30696 |  28 | 1668.0 |
       Dungeon |  21936 |  19924 |   2012 |   1720 |  14752 |  15 | 1462.4 |
          Lair |  11965 |  11161 |    804 |   1256 |   8132 |   6 | 1994.2 |
   Spider Nest |   9318 |   8931 |    387 |   1605 |   5820 |   4 | 2329.5 |
  Orcish Mines |   3455 |   3254 |    201 |    494 |   1991 |   2 | 1727.5 |
        Vaults |     28 |     28 |      0 |      0 |      0 |   1 |   28.0 |
               +--------+--------+--------+--------+--------+-----+--------+

Top non-repeatable levels by time:
  Lair:1: 2874 daAuts
   Orc:2: 2740 daAuts
Spider:3: 2674 daAuts
  Lair:4: 2620 daAuts
Spider:4: 2554 daAuts
  Lair:2: 2148 daAuts
    D:15: 2079 daAuts
Spider:1: 2070 daAuts
  Lair:5: 2060 daAuts
Spider:2: 2018 daAuts
     D:6: 1895 daAuts
     D:8: 1846 daAuts
    D:10: 1837 daAuts
    D:14: 1812 daAuts
     D:5: 1613 daAuts
